 Dungeon Crawl Stone Soup version 0.19-a0-1815-g4007336 (webtiles) character file.

15292 Amnesiac the Deadly Accurate (level 12, -11/139 HPs)
             Began as an Ogre Hunter on Oct 5, 2016.
             Was a High Priest of Okawaru.
             Killed from afar by an ice dragon (18 damage)
             ... with a blast of cold
             ... on level 11 of the Dungeon.
             The game lasted 00:28:22 (13147 turns).

Amnesiac the Deadly Accurate (Ogre Hunter)         Turns: 13147, Time: 00:28:22

Health: -11/139    AC:  9    Str: 24    XL:     12   Next: 25%
Magic:  0/12       EV: 12    Int: 12    God:    Okawaru [*****.]
Gold:   482        SH:  0    Dex: 14    Spells: 0 memorised, 11 levels left

rFire  + . .     SeeInvis .     K - +1 trident
rCold  + . .     Gourm    .     a - +1 robe {rC+ rF+}
rNeg   . . .     Faith    .     (no shield)
rPois  .         Spirit   +     (helmet restricted)
rElec  .         Dismiss  .     S - +0 cloak
rCorr  .         Reflect  .     (gloves unavailable)
MR     +....     Harm     .     (boots unavailable)
Stlth  ++........               M - amulet of guardian spirit
                                r - +4 ring of strength
                                y - +2 ring of evasion

@: no status effects
A: unfitting armour, horns 1, talons 1, icy blue scales 1, molten scales 1,
clever 1, slow regeneration 1, tough skin 1, MP-powered wands
a: Heroism, Finesse, Renounce Religion


You were on level 11 of the Dungeon.
You worshipped Okawaru.
Okawaru was extremely pleased with you.
You were not hungry.

You visited 2 branches of the dungeon, and saw 12 of its levels.

You collected 849 gold pieces.
You spent 367 gold pieces at shops.

Inventory:

Hand Weapons
 k - a +0 giant club
 n - a +1 scimitar of flaming
 I - a +0 giant spiked club
 K - a +1 trident (weapon)
Missiles
 w - 6 curare-tipped needles
 E - 10 tomahawks
 L - 2 poisoned tomahawks
 R - 11 needles of sleeping
 U - 4 large rocks (quivered)
Armour
 a - a +1 robe of resistance (worn)
 B - a +1 shield of protection
 S - a +0 cloak (worn)
Jewellery
 e - an uncursed ring of resist corrosion
 p - an uncursed amulet of magic regeneration
 r - a +4 ring of strength (right hand)
 y - a +2 ring of evasion (left hand)
 z - an uncursed amulet of dismissal
 F - the ring "Foschoen" {+Fly rC++ Str+2, unknown}
   (You took it off a centaur warrior on level 10 of the Dungeon)

   [ring of flight]

   It affects your strength (+2).
   It greatly protects you from cold.
   It lets you fly.
 M - an amulet of guardian spirit (around neck)
Wands
 b - a wand of acid (6/15)
 d - a wand of lightning (9/15)
 u - a wand of digging (24/24)
 D - a wand of iceblast (4/15)
 Q - a wand of random effects (25/48)
Scrolls
 c - a scroll of fog
 i - a scroll of amnesia
 l - 11 scrolls of identify
 o - 3 scrolls of enchant weapon
 s - 5 scrolls of remove curse
 t - a scroll of blinking
 v - 4 scrolls of enchant armour
 G - 4 scrolls of recharging
 W - a scroll of teleportation
Potions
 m - 2 potions of curing {unknown}
 x - a potion of flight {unknown}
 A - 2 potions of haste {unknown}
 C - a potion of heal wounds
 H - 2 potions of might
 J - 4 potions of degeneration {unknown}
 O - a potion of invisibility
 T - a potion of brilliance {unknown}
Books
 q - a Young Poisoner's Handbook

   Spells                             Type                      Level
   a - Sting                          Conjuration/Poison           1
   b - Mephitic Cloud                 Conjuration/Poison/Air       3
   c - Olgreb's Toxic Radiance        Poison                       4
   d - Alistair's Intoxication        Transmutation/Poison         5
   e - Venom Bolt                     Conjuration/Poison           5
Comestibles
 f - 9 bread rations
 g - 3 beef jerkies
 h - 5 meat rations
 j - 12 royal jellies
 N - 5 fruits


   Skills:
 + Level 14.1 Fighting
 * Level 15.7 Throwing
 - Level 1.7 Dodging
 - Level 0.6 Stealth


You had 11 spell levels left.
You didn't know any spells.

Dungeon Overview and Level Annotations

Branches:
Dungeon (11/15)            Temple (1/1) D:4            Lair (0/6) D:8
    Orc (0/2) D:11

Altars:
Ashenzari
Cheibriados
Dithmenos
Elyvilon
Fedhas
Gozag
Hepliaklqana
Kikubaaqudgha
Makhleb
Nemelex Xobeh
Okawaru
Qazlal
Ru
Sif Muna
Trog
Uskayaw
Vehumet
Xom
Yredelemnul
Zin
The Shining One
Beogh

Shops:
D:4 =   D:5 !   D:6 [

Portals:
Trove: D:10 (show abyssal rune of Zot)


Innate Abilities, Weirdness & Mutations

You are too large for most types of armour.
You have tough skin. (AC +1)
You have a pair of small horns on your head.
You have sharp toenails.
You are partially covered in icy blue scales. (AC +2)
You are partially covered in molten scales. (AC +2)
Your mind is acute. (Int +2)
You regenerate slowly when monsters are visible.
You expend magic power (3 MP) to strengthen your wands.


Message History

Unknown command.
Throwing (i - inventory. (,) - cycle):
U - 6 large rocks (quivered)
Press: ? - help, Shift-Dir - straight line, f/p - ice dragon
Aim: an ice dragon You throw a large rock.
The large rock hits the ettin!
The ettin is heavily wounded.
Unknown command.
Throwing (i - inventory. (,) - cycle):
U - 5 large rocks (quivered)
Press: ? - help, Shift-Dir - straight line, f/p - ice dragon
Aim: an ice dragon You throw a large rock.
The large rock barely misses the ettin.
The large rock closely misses the ice dragon.
The ettin hits you with a dire flail of crushing!!!
The ettin barely misses you.
The ettin hits you with a dire flail of crushing!
The ettin hits you with a dire flail!!!
* * * LOW HITPOINT WARNING * * *
The ice dragon breathes frost at you. The blast of cold hits you! You resist.
You die...

##...## #.........#
##.....## #.#..##.#.#
#.......## #.#..##.#.#
.........###....##.#.#
.........'.........#.#
.........###....#<)..#
#.......## ########'##
##.....## #........#
........# #....@...#
.###'##.# #........#
.# #.##.# #.DC######
.###.##.# #..(#.())#
.....##.# #./.#D.|[#
.##...#.# #...#..#
.#......# #(..'..#
......... ########
####.####


You could see an ice dragon and an ettin.

Vanquished Creatures
  A centaur warrior (D:10)
  Erica (D:9)
  The ghost of Shenda the Carver, a journeyman VSFi of Okawaru (D:10)
  A wizard (D:11)
  An unseen horror (D:11)
  2 hill giants
  An orc knight (D:10)
  An ugly thing (D:11)
  A cyclops (D:11)
  2 centaur skeletons (D:9)
  A gargoyle (D:11)
  A guardian mummy (D:10)
  3 trolls
  Grinder (D:5)
  A two-headed ogre (D:11)
  2 hippogriffs
  A vampire (D:10)
  A steam dragon (D:9)
  8 yaks (D:11)
  Grum (D:8)
  3 vampire mosquitoes (D:9)
  A basilisk (D:11)
  2 hungry ghosts
  A water moccasin (D:9)
  2 ice beasts
  4 orc warriors
  A necrophage (D:8)
  3 phantoms
  2 sky beasts (D:7)
  5 ogres
  3 wolves (D:8)
  8 centaurs
  6 bullfrogs
  A gnoll sergeant (D:11)
  2 scorpions
  13 killer bees
  A wight (D:11)
  5 howler monkeys
  4 crimson imps
  2 quasits
  The ghost of TotoDurand the Sneak, a weakling VSEn (D:4)
  5 jellies
  7 hounds
  8 orc priests
  6 orc wizards
  3 bullfrog skeletons
  4 iguanas
  Jessica (D:3)
  8 worker ants
  3 hound skeletons
  A worker ant zombie (D:5)
  6 gnolls
  15 adders
  A shadow imp (D:5)
  6 oozes
  An adder skeleton (D:4)
  A worm (D:2)
  2 dart slugs
  5 leopard geckos
  47 orcs
  4 giant cockroaches
  11 goblins
  6 hobgoblins
  16 jackals
  5 quokkas
  2 ball pythons
  7 bats
  6 frilled lizards
  11 kobolds
  2 leopard gecko skeletons
  A quokka zombie (D:7)
  5 rats
  A fungus (D:8)
309 creatures vanquished.

Vanquished Creatures (others)
  An adder skeleton (D:5)
1 creature vanquished.

Grand Total: 310 creatures vanquished

Notes
Turn   | Place    | Note
-------+----------+-------------------------------------------
     0 | D:1      | Amnesiac the Ogre Hunter began the quest for the Orb.
     0 | D:1      | Reached XP level 1. HP: 22/22 MP: 1/1
   429 | D:3      | Reached XP level 2. HP: 28/31 MP: 2/2
   766 | D:4      | Noticed TotoDurand's ghost (weakling VSEn)
   767 | D:4      | Killed TotoDurand's ghost
   767 | D:4      | Reached XP level 3. HP: 37/39 MP: 3/3
   787 | D:3      | Reached skill level 5 in Throwing
   787 | D:3      | Reached XP level 4. HP: 27/48 MP: 4/4
   997 | D:4      | Noticed an ogre
  1009 | D:4      | Killed an ogre
  1009 | D:4      | Reached XP level 5. HP: 9/55 MP: 5/5
  1343 | D:4      | Found a staircase to the Ecumenical Temple.
  1358 | Temple   | Entered the Ecumenical Temple
  1505 | Temple   | Became a worshipper of Warmaster Okawaru
  2107 | D:1      | Reached skill level 5 in Fighting
  2536 | D:2      | Reached skill level 6 in Throwing
  2875 | D:3      | Noticed Jessica
  2879 | D:3      | Killed Jessica
  2879 | D:3      | Reached XP level 6. HP: 66/66 MP: 6/6
  3745 | D:4      | Found Ikats's Jewellery Shoppe.
  3908 | D:5      | Entered Level 5 of the Dungeon
  3966 | D:5      | Found a stormy altar of Qazlal.
  4120 | D:5      | Reached skill level 7 in Throwing
  4120 | D:5      | Reached XP level 7. HP: 75/75 MP: 7/7
  4483 | D:5      | Reached skill level 8 in Throwing
  4705 | D:5      | Found Pisim's Distillery.
  4708 | D:5      | Reached * piety under Okawaru
  4708 | D:5      | Reached XP level 8. HP: 63/87 MP: 8/8
  4734 | D:5      | Bought a potion of mutation for 35 gold pieces
  4734 | D:5      | Gained mutation: You have a pair of small horns on your head. [potion of mutation]
  4734 | D:5      | Gained mutation: You expend magic power (3 MP) to strengthen your wands. [potion of mutation]
  4734 | D:5      | Gained mutation: You evolve. [potion of mutation]
  4947 | D:5      | Noticed Grinder
  4953 | D:5      | Killed Grinder
  4953 | D:5      | Reached skill level 9 in Throwing
  5343 | D:6      | Found Meud's Armour Emporium.
  5639 | D:6      | Reached ** piety under Okawaru
  5988 | D:7      | Reached skill level 10 in Throwing
  5988 | D:7      | Reached XP level 9. HP: 91/97 MP: 9/9
  6002 | D:7      | HP: 3/147 [killer bee (6)]
  6728 | D:7      | Found a shimmering altar of Xom.
  6987 | D:7      | Reached *** piety under Okawaru
  6988 | D:7      | Reached skill level 11 in Throwing
  7286 | D:7      | Reached skill level 10 in Fighting
  7594 | D:6      | Bought a +0 robe of resistance for 332 gold pieces
  7605 | D:6      | Identified a scroll of acquirement
  7689 | D:8      | Found a staircase to the Lair.
  7804 | D:8      | Noticed Grum
  7805 | D:8      | Killed Grum
  7864 | D:8      | Reached XP level 10. HP: 108/111 MP: 10/10
  8047 | D:8      | Reached skill level 12 in Throwing
  8095 | D:8      | Reached **** piety under Okawaru
  8180 | D:8      | Gained mutation: You are partially covered in icy blue scales. (AC +2) [evolution]
  8907 | D:9      | Noticed Erica
  8917 | D:9      | Killed Erica
  9099 | D:9      | Reached ***** piety under Okawaru
  9099 | D:9      | Reached skill level 13 in Throwing
  9179 | D:9      | Gained mutation: You have a pair of horns on your head. [evolution]
  9409 | D:9      | Received a gift from Okawaru
  9867 | D:9      | Reached XP level 11. HP: 123/123 MP: 11/11
 10061 | D:10     | Entered Level 10 of the Dungeon
 10124 | D:10     | Found a glowing silver altar of Zin.
 10159 | D:10     | Received a gift from Okawaru
 10200 | D:10     | Noticed Shenda's ghost (journeyman VSFi)
 10208 | D:10     | Killed Shenda's ghost
 10248 | D:10     | Noticed a hill giant
 10257 | D:10     | Killed a hill giant
 10257 | D:10     | Received a gift from Okawaru
 10257 | D:10     | Reached skill level 14 in Throwing
 10406 | D:10     | Noticed a centaur warrior
 10410 | D:10     | Killed a centaur warrior
 10418 | D:10     | Got a heavily runed ivory ring
 10868 | D:10     | Found a portal to a secret trove of treasure.
 10870 | D:10     | Noticed a reaper
 11159 | D:11     | Noticed a red ugly thing
 11159 | D:11     | Noticed a wizard
 11159 | D:11     | Noticed an orc knight
 11643 | D:10     | Killed an orc knight
 11856 | D:11     | Received a gift from Okawaru
 12026 | D:11     | Received a gift from Okawaru
 12155 | D:11     | Received a gift from Okawaru
 12155 | D:11     | Reached skill level 15 in Throwing
 12161 | D:11     | Killed an unseen horror
 12354 | D:11     | Reached XP level 12. HP: 106/137 MP: 12/12
 12400 | D:11     | Found a roughly hewn altar of Beogh.
 12400 | D:11     | Found a staircase to the Orcish Mines.
 12706 | D:11     | Gained mutation: Your mind is acute. (Int +2) [evolution]
 12706 | D:11     | Lost mutation: You evolve. [end of evolution]
 12877 | D:11     | Lost mutation: You have a pair of horns on your head. [mutagenic meat]
 12880 | D:11     | Gained mutation: You have sharp toenails. [mutagenic meat]
 12883 | D:11     | Gained mutation: You are partially covered in molten scales. (AC +2) [mutagenic meat]
 12886 | D:11     | Gained mutation: You regenerate slowly when monsters are visible. [mutagenic meat]
 12945 | D:11     | Noticed an ice dragon
 12945 | D:11     | Noticed an ettin
 13147 | D:11     | Killed from afar by an ice dragon

Vault maps used:
D:1:      dpeg_arrival_leaves_temple_mockup
D:2:      first_bread
D:3:      serial_bayou_lake_a, uniq_jessica
D:4:      serial_shops, shop, st_stairs_4
D:5:      serial_shops, shop, nicolae_qazlal_eye_of_the_storm, uniq_grinder
D:6:      serial_shops, shop, hangedman_abyss_or_decor_lesser_grid
D:7:      minmay_ruined_shrine
D:8:      dpeg_oklobed_lair, uniq_grum
D:9:      uniq_erica
D:10:     nicolae_trove_entry_path_of_doom, basic_altar,
          hangedman_little_slice_of_home, glass_columns_a
D:11:     minmay_shrinking_squares, david_orc_5
Temple:   kilobyte_greek_temple

Skill      XL: |  1  2  3  4  5  6  7  8  9 10 11 12 |
---------------+-------------------------------------+-----
Fighting       | 3 4 5 6 7 8 10 12 13 14 | 14.1
Throwing       | 5 6 7 8 10 11 13 15 | 15.7
Dodging        | |  1.7
Stealth        | |  0.6

Action                   |  1- 3 |  4- 6 |  7- 9 | 10-12 || total
-------------------------+-------+-------+-------+-------++-------
Melee: Short sword       |    59 |   262 |    59 |       ||   380
       Headbutt          |       |       |     7 |    68 ||    75
       Trident           |       |       |    40 |   275 ||   315
       Unarmed           |       |       |     8 |       ||     8
       Giant spiked club |       |       |     1 |       ||     1
Throw: Tomahawk          |    12 |     2 |    48 |   153 ||   215
       Large rock        |     2 |    23 |    71 |    88 ||   184
       Throwing net      |       |       |     3 |    15 ||    18
  Use: Potion            |       |       |     5 |     3 ||     8
       Scroll            |       |       |    15 |     1 ||    16
 Stab: Sleeping          |       |     2 |       |       ||     2
       Distracted        |       |       |       |     1 ||     1
  Eat: Chunk             |       |    11 |     8 |    18 ||    37
       Fruit             |       |       |     1 |       ||     1
       Meat ration       |       |       |     1 |       ||     1
       Pizza             |       |       |       |     2 ||     2
Armor: Robe              |    21 |    79 |    31 |    96 ||   227
       Skin              |       |       |    43 |    25 ||    68
Dodge: Dodged            |    25 |   187 |   109 |   203 ||   524
